 Dungeon Crawl Stone Soup version 0.19.6-3-g7d5932f76a (webtiles) character file.

255 grok76 the Sneak (level 5, -3/28 HPs)
             Began as a Deep Elf Wizard on July 30, 2020.
             Slain by a centaur skeleton (7 damage)
             ... on level 4 of the Dungeon.
             The game lasted 00:25:57 (4059 turns).

grok76 the Sneak (Deep Elf Wizard)                  Turns: 4059, Time: 00:25:58

Health: -3/28      AC:  2    Str:  4    XL:     5   Next: 91%
Magic:  14/14      EV: 13    Int: 24    God:
Gold:   73         SH:  0    Dex: 13    Spells: 5 memorised, 4 levels left

rFire  + . .     SeeInvis .     e - +0 short sword
rCold  . . .     Gourm    .     a - +0 robe
rNeg   . . .     Faith    .     (no shield)
rPois  .         Spirit   .     b - +0 hat
rElec  .         Reflect  .     (no cloak)
rCorr  .         Harm     .     (no gloves)
MR     +....                    (no boots)
Stlth  +++.......               (no amulet)
                                s - ring of protection from magic
                                g - ring of protection from fire

@: no status effects
A: no striking features
a: no special abilities


You were on level 4 of the Dungeon.
You were not hungry.

You visited 1 branch of the dungeon, and saw 4 of its levels.
You also visited: Sewer.

You collected 73 gold pieces.

Inventory:

Hand Weapons
 e - a +0 short sword (weapon)
 t - a +1 flail of venom
Armour
 a - a +0 robe (worn)
 b - a +0 hat (worn)
Jewellery
 g - a ring of protection from fire (left hand)
 s - a ring of protection from magic (right hand)
Scrolls
 f - a scroll of fear {unknown}
 h - a scroll of identify {unknown}
 i - 2 scrolls of magic mapping {unknown}
 k - 2 scrolls of immolation {unknown}
 l - a scroll of teleportation {unknown}
 m - 2 scrolls of enchant weapon {unknown}
 n - 2 scrolls of remove curse {unknown}
 o - 2 scrolls of enchant armour {unknown}
 p - 2 scrolls of fog {unknown}
 r - 2 scrolls of amnesia {unknown}
 v - 3 scrolls of blinking {unknown}
Potions
 j - a potion of haste
 q - a potion of curing {unknown}
 u - 2 potions of magic {unknown}
Books
 c - a book of Minor Magic

   Spells                             Type                      Level
   a - Magic Dart                     Conjuration                  1
   b - Blink                          Translocation                2
   c - Call Imp                       Summoning                    2
   d - Repel Missiles                 Charms/Air                   2
   e - Slow                           Hexes                        2
   f - Conjure Flame                  Conjuration/Fire             3
   g - Mephitic Cloud                 Conjuration/Poison/Air       3
Comestibles
 d - 3 bread rations


   Skills:
 - Level 2.4 Dodging
 * Level 5.5 Stealth
 - Level 5.0 Spellcasting
 - Level 2.2 Conjurations
 - Level 2.7 Charms
 + Level 1.2 Summonings
 + Level 1.2 Translocations
 * Level 2.8 Fire Magic


You had 4 spell levels left.
You knew the following spells:

 Your Spells              Type           Power        Failure   Level  Hunger
a - Magic Dart            Conj           ###.         3%          1    None
b - Blink                 Tloc           N/A          12%         2    None
c - Call Imp              Summ           ##......     12%         2    None
d - Repel Missiles        Chrm/Air       ##....       10%         2    None
e - Conjure Flame         Conj/Fire      ###.....     12%         3    ##.....


Dungeon Overview and Level Annotations

Branches:
Dungeon (4/15)
 Temple: D:4-7

Altars:

Annotations:
D:2 Natasha
D:3 Grinder


Message History

There is a stone staircase leading up here.
The orc priest invokes the aid of Beogh against you.
Pain shoots through your body!
You climb upwards.
Level annotation: Grinder
There is a stone staircase leading down here.
You climb downwards.
A jackal comes into view.
The frilled lizard hisses.
The frilled lizard barely misses you.
The leopard gecko skeleton closely misses you.
A water moccasin skeleton comes into view.
There is a stone staircase leading up here.
The ogre hits you with a giant club!
* * * LOW HITPOINT WARNING * * *
A jackal comes into view.
The centaur skeleton closely misses you.
The centaur skeleton closely misses you.
The centaur skeleton hits you!
You die...

#.#.#.........
#...#.o......$
#....<.......
###.Z........
#.o........
#hlh.....%.
##ZO.......
#Z#######. #@#
#.# #.. #.##
#.. ##. . ..


You could see an ogre, an orc wizard, an orc (wandering), 2 jackals, a frilled
lizard, a leopard gecko skeleton, a water moccasin skeleton and a centaur
skeleton.

Vanquished Creatures
  An orc priest (D:3)
  An orc wizard (D:3)
  Jessica (D:2)
  Terence (D:2)
  2 adders (D:2)
  3 worms
  A dart slug (D:1)
  2 leopard geckos
  8 orcs (D:3)
  3 bats (D:1)
  2 giant cockroaches
  6 goblins
  10 hobgoblins
  7 jackals (D:1)
  2 frilled lizards
  7 kobolds
  7 rats
64 creatures vanquished.

Vanquished Creatures (collateral kills)
  The ghost of Xiguana the Changer, an amateur HETm (D:3)
1 creature vanquished.

Grand Total: 65 creatures vanquished

Notes
Turn   | Place    | Note
-------+----------+-------------------------------------------
     0 | D:1      | grok76 the Deep Elf Wizard began the quest for the Orb.
     0 | D:1      | Reached XP level 1. HP: 10/10 MP: 7/7
     2 | D:1      | Noticed an electric eel
   353 | D:1      | Reached skill level 5 in Spellcasting
   360 | D:1      | Reached XP level 2. HP: 14/15 MP: 6/10
  1072 | D:1      | Reached XP level 3. HP: 19/19 MP: 6/11
  1314 | D:1      | Learned a level 2 spell: Blink
  1317 | D:1      | Learned a level 2 spell: Call Imp
  1320 | D:1      | Learned a level 2 spell: Repel Missiles
  1324 | D:1      | Learned a level 3 spell: Conjure Flame
  1440 | D:2      | Reached skill level 1 in Charms
  1866 | D:2      | Noticed Terence
  1875 | D:2      | Killed Terence
  1875 | D:2      | Reached XP level 4. HP: 22/24 MP: 3/13
  1961 | D:2      | Noticed Natasha
  2209 | D:2      | Noticed Jessica
  2217 | D:2      | Killed Jessica
  2217 | D:2      | Reached skill level 1 in Fire Magic
  2856 | D:3      | Reached XP level 5. HP: 28/28 MP: 5/14
  2987 | D:3      | Noticed Xiguana's ghost (amateur HETm)
  3016 | D:3      | Killed Xiguana's ghost
  3016 | D:3      | Reached skill level 5 in Stealth
  3156 | D:3      | Found a glowing drain.
  3160 | Sewer    | Entered a sewer
  3160 | Sewer    | Noticed Xiguana's ghost (amateur HESu)
  3966 | D:3      | Noticed Grinder
  3971 | D:3      | Paralysed by Grinder for 5 turns
  4049 | D:4      | Noticed an ogre
  4059 | D:4      | Slain by a centaur skeleton

Skill      XL: |  1  2  3  4  5 |
---------------+----------------+-----
Spellcasting   | 5 |  5.0
Conjurations   | 2 |  2.2
Stealth        | 4 5 |  5.5
Charms         | 2 |  2.7
Fire Magic     | 1 2 |  2.8
Dodging        | |  2.4
Summonings     | |  1.2
Translocations | |  1.2

Action                   |  1- 3 |  4- 6 || total
-------------------------+-------+-------++-------
Melee: Short sword       |    13 |     3 ||    16
 Cast: Magic Dart        |    95 |   101 ||   196
       Blink             |       |     6 ||     6
       Call Imp          |       |     3 ||     3
       Conjure Flame     |       |     1 ||     1
  Eat: Pizza             |     1 |       ||     1
       Beef jerky        |     1 |       ||     1
       Bread ration      |       |     1 ||     1
       Meat ration       |       |     1 ||     1
Armor: Robe              |     5 |     6 ||    11
Dodge: Dodged            |    26 |    28 ||    54
